 Dungeon Crawl Stone Soup version 0.28.0-45-g0d030f2227 (webtiles) character file.

Game seed: 13434012860778659433

166 pkoi the Stinger (level 5, -5/38 HPs)
             Began as a Demigod Venom Mage on Apr 15, 2022.
             Slain by a gnoll
             ... wielding a +0 flail
              (12 damage)
             ... on level 3 of the Dungeon.
             The game lasted 00:05:06 (4054 turns).

pkoi the Stinger (Demigod Venom Mage)               Turns: 4054, Time: 00:05:07

Health: -5/38      AC:  2    Str:  9    XL:     5   Next: 2%
Magic:  9/21       EV: 12    Int: 21    God:
Gold:   64         SH:  0    Dex: 14    Spells: 5/9 levels left

rFire   . . .      SeeInvis .   d - staff of air
rCold   . . .      Faith    .   (no shield)
rNeg    + . .      Spirit   .   a - +0 robe
rPois   .          Reflect  .   (no helmet)
rElec   +          Harm     .   (no cloak)
rCorr   .          Rampage  .   (no gloves)
Will    .....                   (no boots)
Stlth   ++........              k - amulet of the acrobat
HPRegen 0.12/turn               l - ring of positive energy
MPRegen 0.17/turn               o - ring of magical power

@: no status effects
A: high MP 1, forlorn, divine attributes
a: no special abilities


You were on level 3 of the Dungeon.
You visited 1 branch of the dungeon, and saw 3 of its levels.
You also visited: Sewer.

You collected 64 gold pieces.

Inventory:

Hand Weapons
 c - a +0 club
 n - a +1 dagger of speed
Armour
 a - a +0 robe (worn)
 b - a +0 troll leather armour {Pargi}
Magical Staves
 d - a staff of air (weapon)
Jewellery
 k - an amulet of the acrobat (around neck)
 l - a ring of positive energy (left hand)
 o - a ring of magical power (right hand)
Scrolls
 e - 2 scrolls of teleportation
 f - a scroll of fog {unknown}
 h - a scroll of brand weapon {unknown}
 i - a scroll of identify
Potions
 m - a potion of degeneration
 p - 2 potions of haste {unknown}
 q - a potion of heal wounds {unknown}


   Skills:
 - Level 1.7 Dodging
 - Level 1.7 Stealth
 + Level 2.9 Spellcasting
 + Level 0.2 Conjurations
 - Level 1.6 Transmutations
 + Level 2.1 Air Magic
 + Level 3.7 Poison Magic


You had 5 spell levels left.
You knew the following spells:

 Your Spells              Type           Power      Damage    Failure   Level
a - Sting                 Tmut/Pois      56%        1d5       4%          1
b - Poisonous Vapours     Pois/Air       46%        N/A       6%          2
c - Magic Dart            Conj           16%        1d3       12%         1

Your spell library contained the following spells:

 Spells                   Type           Power      Damage    Failure   Level
 Sandblast                Erth           6%         2d5       14%         1
 Passwall                 Tmut/Erth      5%         N/A       14%         2
 Mephitic Cloud           Conj/Pois/Air  17%        N/A       17%         3
 Searing Ray              Conj           8%         2d4       19%         2
 Olgreb's Toxic Radiance  Pois           18%        N/A       28%         4
 Stone Arrow              Conj/Erth      6%         3d7       36%         3
 Fulminant Prism          Conj/Hex       1%         3d6       77%         4


Dungeon Overview and Level Annotations

Branches:
Dungeon (3/15)              Sewer (visited)

Shops:
D:1 *   D:3 (


Innate Abilities, Weirdness & Mutations

You have an increased reservoir of magic. (+10% MP)
You shall have no god before yourself.
Your divine heritage dramatically boosts your attributes as you level up.


Message History

Press: ? - help, Q - select action, (/) - cycle Shift-Dir - straight line, f/p - gnoll
Aim: a gnoll, wielding a +0 spear (severely wounded, very poisoned, 75% to hit)
The sting hits the gnoll but does no damage.
The gnoll looks even sicker.
The gnoll is severely wounded.
You kill the gnoll!
The gnoll closely misses you.
You have reached level 5!
Aiming: Sting (safe; 4% risk of failure)
Press: ? - help, Q - select action, (/) - cycle Shift-Dir - straight line, f - gnoll
Aim: a gnoll, wielding a +0 flail (75% to hit)
The sting misses the gnoll.
The gnoll closely misses you.
Unknown command.
Aiming: Sting (safe; 4% risk of failure)
Press: ? - help, Q - select action, (/) - cycle Shift-Dir - straight line, f/p - gnoll
Aim: a gnoll, wielding a +0 flail (75% to hit)
The sting hits the gnoll.
The gnoll is poisoned.
The gnoll is moderately wounded.
The gnoll misses you.
Aiming: Sting (safe; 4% risk of failure)
Press: ? - help, Q - select action, (/) - cycle Shift-Dir - straight line, f/p - gnoll
Aim: a gnoll, wielding a +0 flail (moderately wounded, poisoned, 75% to hit)
The sting misses the gnoll.
The gnoll misses you.
Unknown command.
Aiming: Sting (safe; 4% risk of failure)
Press: ? - help, Q - select action, (/) - cycle Shift-Dir - straight line, f/p - gnoll
Aim: a gnoll, wielding a +0 flail (moderately wounded, poisoned, 75% to hit)
The sting hits the gnoll.
The gnoll looks even sicker.
The gnoll is heavily wounded.
The gnoll hits you with a +0 flail!
* * * LOW HITPOINT WARNING * * *
Aiming: Sting (safe; 4% risk of failure)
Press: ? - help, Q - select action, (/) - cycle Shift-Dir - straight line, f/p - gnoll
Aim: a gnoll, wielding a +0 flail (heavily wounded, very poisoned, 75% to hit)
The sting hits the gnoll.
The gnoll looks even sicker.
The gnoll is severely wounded.
The gnoll hits you with a +0 flail!
You die...

*,,,,,,,,*,,,,,* *,,,,,,,*
*,,,,,,,,*,,,,,* *,,,,,,,*
,,,,,,,,,*,,,,,*******,,,,,,,*
,,,,,,,,,+,,,,,,,,,,,,,,*********
,,,,,**,,*,,,,,,,,,,,,,..,,,,,,,,
,,,,,***,*,,,,,*******#.#####****
,,,,,* *,******* ##.....#
,,,,,***,,############......#
,,,,,,,,,,#.....@...>#......#
,**,*****,#≈≈≈..#g##.#......#
,**+******#≈≈≈≈)..$.........#
,*,,,,,,,*#≈†≈≈.÷...........#
,*,,,,,,,*#.†≈≈≈............#
,*,,,,,,,*######...#.##.###.#
,*,,,,,,,**,*#.....#.##.# #.# ###
,*,,,^,,,**,,#.....#.##.# #.# #..
,**,*******,,#.....#.##.###.###.#


You could see a gnoll (very poisoned).

Vanquished Creatures
  Pargi (Sewer)
  A gnoll (D:3)
  An adder (D:2)
  A river rat (D:3)
  A worm (D:2)
  7 ball pythons
  4 bats
  5 giant cockroaches (D:1)
  2 goblins (D:1)
  4 hobgoblins
  A quokka (D:1)
  5 frilled lizards
  2 kobolds
  8 rats
43 creatures vanquished.

Notes
Turn   | Place    | Note
-------+----------+-------------------------------------------
     0 | D:1      | pkoi the Demigod Venom Mage began the quest for the Orb.
     0 | D:1      | Reached XP level 1. HP: 14/14 MP: 5/5
   146 | D:1      | Reached skill level 1 in Transmutations
   560 | D:1      | Reached XP level 2. HP: 20/20 MP: 4/7
   563 | D:1      | Learned a level 2 spell: Poisonous Vapours
  1069 | D:1      | Reached skill level 3 in Poison Magic
  1245 | D:1      | Found Dohudd's Assorted Antiques.
  2342 | D:2      | Reached XP level 3. HP: 26/26 MP: 5/8
  2550 | D:2      | Reached skill level 1 in Air Magic
  3087 | D:3      | Found Surphyr's Weapon Shoppe.
  3314 | D:3      | Found a glowing drain.
  3327 | Sewer    | Entered a sewer
  3790 | Sewer    | Noticed Pargi
  3800 | Sewer    | HP: 1/26 [Pargi (6)]
  3842 | Sewer    | Killed Pargi
  3843 | Sewer    | Reached XP level 4. HP: 33/33 MP: 7/11
  4018 | Sewer    | Learned a level 1 spell: Magic Dart
  4050 | D:3      | Reached XP level 5. HP: 17/38 MP: 12/12
  4054 | D:3      | Slain by a gnoll

Illustrated notes

Levels and vault maps discovered:
D:1:      scummos_arrival_simple_crosswalls, layout_basic, serial_shops, shop,
          hellmonk_ecumenical_altar_heavens_door
D:2:      layout_basic, basic_altar
D:3:      layout_basic, ebering_ghost_rock_garden, portal_sewer_entry_b,
          serial_shops, nicolae_shop_hallway_stairs,
          kennysheep_decorative_pillar

Skill      XL: |  1  2  3 |
---------------+----------+-----
Transmutations | 1 |  1.6
Spellcasting   | 2 |  2.9
Poison Magic   | 3 |  3.7
Air Magic      | 2 |  2.1
Dodging        | |  1.7
Stealth        | |  1.7
Conjurations   | |  0.2

Action                   |  1- 3 |  4- 6 || total
-------------------------+-------+-------++-------
Melee: Staff             |     7 |     1 ||     8
 Cast: Sting             |    80 |    14 ||    94
       Poisonous Vapours |    14 |       ||    14
  Use: Scroll            |     4 |       ||     4
       Potion            |     3 |       ||     3
Armor: Robe              |     6 |     1 ||     7
Dodge: Dodged            |    42 |    15 ||    57
